cohdb
Replays
Latest Replays
All Replays
Popular Replays
Top Player Replays
Match Explorer
How It Works
Community
CoH3 Stats
Reddit
Sign in to upload your games and track your stats! →
Sign in with Steam
Match 42392018
Unlisted
Match 42392018
Overview
Messages
Build Orders
End
Construct Infanterie Kompanie
Selects Luftwaffe Battlegroup
Selects Luftwaffe Pioneer Support
MG 42 Machine Gun Team
GrW 34 Mortar Team
Fallschirmpioneer Squad Paradrop
Grenadier Squad
Selects Stuka Strafing Run
Construct Luftwaffe Kompanie
221 Scout Car
Support Elements
Stuka Strafing Run
Medical Bunker
Selects Fallschirmjäger Squad Paradrop
Marder III M Tank Destroyer
EGGMAN
KOR_BIRA
高速阿嬤
GTA4865
XuZhongwei
Tan_sp35
tails is wonderful
cliff14587
0
0
Comments
sign in to comment!
No comments posted yet!